 Dungeon Crawl Stone Soup version 0.27-a0-1065-ge809cff456 (webtiles) character file.

Game seed: 15166835209909380822

68 kae the Ruffian (level 4, -4/35 HPs)
             Began as a Draconian Transmuter on Apr 22, 2021.
             Asphyxiated
             ... on level 2 of the Dungeon.
             The game lasted 00:00:53 (2434 turns).

kae the Ruffian (Draconian Transmuter)              Turns: 2434, Time: 00:00:53

Health: -4/35      AC:  5    Str: 12 (14) XL:     4   Next: 1%
Magic:  7/7        EV: 12    Int: 10 (13) God:
Gold:   31         SH:  0    Dex:  9 (11) Spells: 3/7 levels left

rFire    . . .     SeeInvis .     - Unarmed
rCold    . . .     Faith    .   (no shield)
rNeg     . . .     Spirit   .   (armour unavailable)
rPois    .         Reflect  .   (helmet currently unavailable)
rElec    .         Harm     .   (no cloak)
rCorr    .         Rampage  .   (no gloves)
Will     .....                  (boots currently unavailable)
Stlth    +.........             (no amulet)
HPRegen  0.11/turn              (no ring)
MPRegen  0.10/turn              (no ring)

@: lethally poisoned (-4 -> -21), appendages (expiring), flying
A: horns 2, talons 2, AC +5, unfitting armour, cold-blooded
a: End Transformation


You were on level 2 of the Dungeon.
You had temporarily grown beastly horns and talons.
You visited 1 branch of the dungeon, and saw 2 of its levels.

You collected 31 gold pieces.

Inventory:

Scrolls
 c - a scroll of teleportation {unknown}
Potions
 a - a potion of degeneration
 d - a potion of curing {unknown}


   Skills:
 + Level 1.6 Fighting
 + Level 2.1 Dodging
 * Level 3.6 Unarmed Combat
 + Level 2.2 Spellcasting
 * Level 2.8 Transmutations
 * Level 0.4 Poison Magic


You had 3 spell levels left.
You knew the following spells:

 Your Spells              Type           Power      Damage    Failure   Level
a - Beastly Appendage     Tmut           12%        N/A       10%         1
b - Spider Form           Tmut/Pois      2%         N/A       43%         3

Your spell library contained the following spells:

 Spells                   Type           Power      Damage    Failure   Level
 Wereblood                Tmut           6%         N/A       14%         2
 Confusing Touch          Hex            1%         N/A       67%         3
 Gell's Gravitas          Tloc           0%         N/A       67%         3
 Ice Form                 Ice/Tmut       3%         N/A       86%         4
 Petrify                  Tmut/Erth      3%         N/A       86%         4
 Hydra Form               Tmut           3%         N/A       95%         5
 Yara's Violent Unravell  Hex/Tmut       1%         3d3       99%         5
 Metabolic Englaciation   Hex/Ice        0%         N/A       100%        5


Dungeon Overview and Level Annotations

Branches:
Dungeon (2/15)

Altars:


Innate Abilities, Weirdness & Mutations

You have temporarily grown beastly horns and talons.
Your plain brown scales are hard. (AC +5)
You cannot fit into any form of body armour.
You are cold-blooded and may be slowed by cold attacks.


Message History

You are too injured to fight recklessly!
You are too injured to fight recklessly!
You are too injured to fight recklessly!
You hit the kobold brigand.
The kobold brigand is moderately wounded.
You closely miss the kobold brigand. Your kick misses the kobold brigand.
The kobold brigand is moderately wounded.
The kobold brigand hits you with a +0 dagger.
You barely miss the kobold brigand. Your kick misses the kobold brigand.
Your tail-slap misses the kobold brigand.
The kobold brigand is moderately wounded.
The kobold brigand misses you.
You completely miss the kobold brigand. Your kick misses the kobold brigand.
The kobold brigand is moderately wounded.
The kobold brigand hits you with a +0 dagger.
You completely miss the kobold brigand.
You headbutt the kobold brigand, but do no damage.
The kobold brigand is moderately wounded.
The kobold brigand hits you with a +0 dagger.
* * * LOW HITPOINT WARNING * * *
You hit the kobold brigand but do no damage.
Your kick misses the kobold brigand.
The kobold brigand is moderately wounded.
The kobold brigand hits you with a +0 dagger.
* * * LOW HITPOINT WARNING * * *
Your transformation is almost over.
The kobold brigand throws a curare-tipped dart.
The curare-tipped dart barely misses you.
Okay, then.
It was a potion of degeneration.
There was something very wrong with that liquid.
You feel weakened.
You feel dopey.
You feel clumsy.
It was a potion of flight.
You feel very buoyant.
You fly up into the air.
The kobold brigand throws a curare-tipped dart.
The curare-tipped dart hits you.
You are lethally poisoned!
You have difficulty breathing.
You die...

######### #.......#
###.#####.# ##
#K.....##.#### #.
#.#@...##....# #.
##..####K#....#####.######.
.........##...#####.[...##.
..........+.†.....+..>#.##.
##.#.#.####....####..<.....
# #.........# #...#.##.
#.####....# #.....### .#
#....# #...### $ ......#.#
#...#####


You could see a kobold brigand.

Vanquished Creatures
  2 adders (D:2)
  A worm (D:2)
  A dart slug (D:1)
  9 bats
  2 endoplasms
  5 giant cockroaches
  3 goblins
  3 hobgoblins (D:1)
  2 quokkas
  2 ball pythons
  5 frilled lizards (D:1)
  5 kobolds
  4 rats
44 creatures vanquished.

Vanquished Creatures (others)
  3 plants (D:1)
3 creatures vanquished.

Grand Total: 47 creatures vanquished

Notes
Turn   | Place    | Note
-------+----------+-------------------------------------------
     0 | D:1      | kae the Draconian Transmuter began the quest for the Orb.
     0 | D:1      | Reached XP level 1. HP: 16/16 MP: 3/3
   544 | D:1      | Reached XP level 2. HP: 23/23 MP: 3/5
  1323 | D:1      | Reached XP level 3. HP: 26/28 MP: 4/6
  1863 | D:2      | Learned a level 3 spell: Spider Form
  2296 | D:2      | Reached XP level 4. HP: 24/35 MP: 7/7
  2416 | D:2      | Noticed a kobold brigand
  2434 | D:2      | Asphyxiated

Illustrated notes

Levels and vault maps discovered:
D:1:      dpeg_arrival_pits, layout_basic, serial_bayou_crossing
D:2:      layout_basic, uniq_robin, uniq_terence

Skill      XL: |  1  2 |
---------------+-------+-----
Dodging        | 2 |  2.1
Fighting       | |  1.6
Unarmed Combat | |  3.6
Spellcasting   | |  2.2
Transmutations | |  2.8
Poison Magic   | |  0.4

Action                   |  1- 3 |  4- 6 || total
-------------------------+-------+-------++-------
Melee: Unarmed           |   140 |     9 ||   149
       Kick              |    10 |       ||    10
       Tailslap          |    13 |       ||    13
       Headbutt          |     9 |     2 ||    11
       Punch             |     1 |       ||     1
 Cast: Beastly Appendage |    26 |     1 ||    27
  Use: Potion            |       |     2 ||     2
 Stab: Sleeping          |     1 |       ||     1
Armor: Skin              |    55 |     1 ||    56
Dodge: Dodged            |   104 |     3 ||   107

Table legend: (Time is in decaauts)
 A = Elapsed time spent in this place.
 B = Non-inter-level travel time spent in this place.
 C = Inter-level travel time spent in this place.
 D = Time resting spent in this place.
 E = Time spent auto-exploring this place.
 F = Levels seen in this place.
 G = Mean time per level.
                   A        B        C        D        E       F      G
               +--------+--------+--------+--------+--------+-----+--------+
         Total |   2431 |   2426 |      5 |      0 |   2085 |   2 | 1215.5 |
       Dungeon |   2431 |   2426 |      5 |      0 |   2085 |   2 | 1215.5 |
               +--------+--------+--------+--------+--------+-----+--------+

Top non-repeatable levels by time:
     D:1: 1834 daAuts
     D:2: 597 daAuts
